 Dungeon Crawl Stone Soup version 0.27.0-1-g7a089689b8 (webtiles) character file.

Game seed: 16318078944167435017

15 zuma992 the Digger (level 2, 0/22 HPs)
             Began as a Deep Dwarf Earth Elementalist on Aug 10, 2021.
             Frozen to death by an endoplasm (3 damage)
             ... on level 1 of the Dungeon.
             The game lasted 00:07:04 (325 turns).

zuma992 the Digger (Deep Dwarf Earth Elementalist)   Turns: 325, Time: 00:07:09

Health: 0/22       AC:  2    Str: 11    XL:     2   Next: 34%
Magic:  5/5        EV: 12    Int: 15    God:
Gold:   17         SH:  0    Dex: 13    Spells: 4/5 levels left

rFire    . . .     SeeInvis .   e - +2 short sword (drain)
rCold    . . .     Faith    .   (no shield)
rNeg     . . .     Spirit   .   b - +0 robe
rPois    .         Reflect  .   (no helmet)
rElec    .         Harm     .   (no cloak)
rCorr    .         Rampage  .   (no gloves)
Will     .....                  (no boots)
Stlth    ++........             (no amulet)
HPRegen  0.00/turn              (no ring)
MPRegen  0.09/turn              (no ring)

@: no status effects
A: damage resistance, heal wounds, sense surroundings 1, no regeneration
a: Heal Wounds


You were on level 1 of the Dungeon.
You visited 1 branch of the dungeon, and saw 1 of its levels.

You collected 17 gold pieces.

Inventory:

Hand Weapons
 a - a +0 club
 d - a +0 club
 e - a +2 short sword of draining (weapon)
Missiles
 c - 26 stones
Armour
 b - a +0 robe (worn)
Scrolls
 f - a scroll of enchant weapon {unknown}
 g - a scroll of amnesia {unknown}
 h - a scroll of magic mapping {unknown}
Potions
 i - a potion of degeneration {unknown}


   Skills:
 + Level 0.2 Fighting
 + Level 0.4 Maces & Flails
 + Level 2.3 Dodging
 + Level 2.4 Stealth
 + Level 2.0 Spellcasting
 + Level 0.8 Transmutations
 + Level 4.4 Earth Magic


You had 4 spell levels left.
You knew the following spells:

 Your Spells              Type           Power      Damage    Failure   Level
a - Sandblast             Erth           28%        2d8       3%          1

Your spell library contained the following spells:

 Spells                   Type           Power      Damage    Failure   Level
 Passwall                 Tmut/Erth      7%         N/A       11%         2
 Stone Arrow              Conj/Erth      16%        3d8       26%         3
 Dazzling Flash           Conj/Hex       2%         N/A       54%         3
 Petrify                  Tmut/Erth      9%         N/A       58%         4
 Agony                    Necr           1%         N/A       99%         5
 Silence                  Hex/Air        0%         N/A       99%         5


Dungeon Overview and Level Annotations

Branches:
Dungeon (1/15)

Altars:


Innate Abilities, Weirdness & Mutations

You are resistant to damage.
You can heal yourself by infusing magical energy.
You passively map a small area around you.
You do not regenerate.


Message History

Aim: a ball python (wandering, hasn't noticed you, 77% to hit)
The blast of sand hits the ball python!
You kill the ball python!
You see here a ball python corpse.
Magic restored.
You see here a +0 leather armour.
A kobold comes into view. It is wielding a +0 dagger.
Found 9 gold pieces.
The kobold shouts!
Casting: Sandblast (safe; 3% risk of failure)
Confirm with . or Enter, or press ? or * to list all spells.
Aiming: Sandblast (safe; 3% risk of failure)
Press: ? - help, Shift-Dir - straight line, f - kobold
Aim: a kobold, wielding a +0 dagger and quivering stones (74% to hit)
The blast of sand hits the kobold!
You kill the kobold!
You now have 17 gold pieces (gained 9).
c - 26 stones (gained 2)
You see here a +0 dagger.
Found a stone staircase leading down.
An endoplasm comes into view.
A quokka comes into view.
A jackal comes into view.
A jackal comes into view.
A jackal comes into view.
The jackal barks! x2
Found a grey potion.
The jackal barely misses you.
Found a chain mail.
The endoplasm quivers.
You hit the jackal. You drain the jackal.
You kill the jackal!
The jackal bites you. The jackal barely misses you.
You closely miss the quokka.
The jackal bites you but does no damage.
The jackal bites you.
* * * LOW HITPOINT WARNING * * *
The endoplasm freezes you.
You are frozen.
You die...

, #....#........
, *...!#........
, *
,...#........
,#..#........ ,
* #........... ,
#,#...........
## ,
###.##.Jhh......
8#, ........@r#
§# , ..[##..###
§# #..# ≈# *
#..# ≈#, ##.# §#
, #.# ≈# * ##.##
§# , ,, #...##
8#.#.......#
#....#


You could see an endoplasm, a quokka and 2 jackals.

Vanquished Creatures
  A dart slug (D:1)
  2 endoplasms (D:1)
  A goblin (D:1)
  A jackal (D:1)
  2 kobolds (D:1)
  2 ball pythons (D:1)
  A bat (D:1)
  2 frilled lizards (D:1)
12 creatures vanquished.

Notes
Turn   | Place    | Note
-------+----------+-------------------------------------------
     0 | D:1      | zuma992 the Deep Dwarf Earth Elementalist began the quest
                  | for the Orb.
     0 | D:1      | Reached XP level 1. HP: 15/15 MP: 3/3
   107 | D:1      | Reached XP level 2. HP: 5/22 MP: 3/5
   205 | D:1      | Found a faded altar of an unknown god.
   325 | D:1      | Frozen to death by an endoplasm

Illustrated notes

Levels and vault maps discovered:
D:1:      lightli_arrival_noodles, layout_rooms,
          dreamdust_ecumenical_altar_angels_and_demons, minmay_misc_feat_five

Skill      XL: |  1 |
---------------+----+-----
Spellcasting   | 2 |  2.0
Fighting       | |  0.2
Maces & Flails | |  0.4
Dodging        | |  2.3
Stealth        | |  2.4
Transmutations | |  0.8
Earth Magic    | |  4.4

Action                   || total
-------------------------++-------
Melee: Club              ||    34
       Short sword       ||     3
 Cast: Sandblast         ||     8
 Stab: Sleeping          ||     1
Armor: Robe              ||    19
Dodge: Dodged            ||    52
